 Dungeon Crawl Stone Soup version 0.26-a0-537-g96b2eae49b (webtiles) character file.

Game seed: 7466875912453318350

122 Eifo4Ohj9gu9Dob0ohLe the Chopper (level 4, -2/40 HPs)
             Began as a Draconian Berserker on Aug 13, 2020.
             Was a Believer of Trog.
             Killed by divine providence
             ... invoked by an orc priest
              (13 damage)
             ... on level 3 of the Dungeon on Aug 14, 2020.
             The game lasted 00:13:18 (1881 turns).

Eifo4Ohj9gu9Dob0ohLe the Chopper (DrBe)             Turns: 1881, Time: 00:13:18

Health: -2/40      AC:  5    Str: 20    XL:     4   Next: 78%
Magic:  4/4        EV: 12    Int:  7    God:    Trog [**....]
Gold:   78         SH:  3    Dex: 11    Spells: 3/3 levels left

rFire    . . .     SeeInvis .   a - +0 hand axe
rCold    . . .     Faith    .   k - +0 buckler
rNeg     . . .     Spirit   .   (armour unavailable)
rPois    .         Reflect  .   (helmet restricted)
rElec    .         Harm     .   (no cloak)
rCorr    .                      (no gloves)
MR       .....                  (no boots)
Stlth    +.........             (no amulet)
HPRegen  0.13/turn              (no ring)
MPRegen  0.09/turn              (no ring)

@: berserk cooldown, slowed, very slow
A: unfitting armour, cold-blooded, AC +5
a: Berserk, Trog's Hand, Renounce Religion


You were on level 3 of the Dungeon.
You worshipped Trog.
Trog was pleased with you.
You visited 1 branch of the dungeon, and saw 3 of its levels.

You collected 78 gold pieces.

Inventory:

Hand Weapons
 a - a +0 hand axe (weapon)
 g - a +0 hand axe
 i - a +0 rapier
Missiles
 b - 34 poisoned darts (quivered)
Armour
 h - a +0 pair of boots
 j - a scarf of shadows
 k - a +0 buckler (worn)
Scrolls
 c - 6 scrolls of identify {unknown}
 f - 2 scrolls of remove curse {unknown}
 l - a scroll of immolation {unknown}
Potions
 e - a potion of heal wounds {unknown}


   Skills:
 + Level 4.0 Fighting
 + Level 4.3 Axes
 + Level 3.6 Dodging
 + Level 0.2 Stealth


You had 3 spell levels left.
You didn't know any spells.
Your spell library was empty.

Dungeon Overview and Level Annotations

Branches:
Dungeon (3/15)

Altars:
Nemelex Xobeh
Qazlal


Innate Abilities, Weirdness & Mutations

Your plain brown scales are hard. (AC +5)
You cannot fit into any form of body armour.
You are cold-blooded and may be slowed by cold attacks.


Message History

You feel less confused.
The goblin hits you with a cursed -1 dagger.
* * * LOW HITPOINT WARNING * * *
You miss the goblin. You tail-slap the goblin.
You kill the goblin!
Trog accepts your kill. The orc priest misses you.
You hit the orc priest.
The orc priest is lightly wounded.
The orc priest begins to cast a cantrip, but forgets the words!
The orc priest completely misses you.
Your shield prevents you from hitting the orc priest.
The orc priest is lightly wounded.
The orc priest misses you.
You barely miss the orc priest.
Your tail-slap misses the orc priest.
The orc priest is lightly wounded.
You block the orc priest's attack.
The orc priest invokes the aid of Beogh against you.
Beogh smites you!
You die...

## ..## #..#
... ..# #.#
#o# #@# #.#
#.# #.# #.#
#.### #...#
#.##.#
...#..######


You could see an orc priest.

Vanquished Creatures
  2 orc wizards (D:3)
  2 adders (D:2)
  2 worms (D:2)
  2 orcs (D:3)
  7 bats
  2 giant cockroaches
  5 goblins
  4 hobgoblins
  4 jackals (D:2)
  2 quokkas (D:2)
  5 frilled lizards
  3 kobolds
  A rat (D:2)
41 creatures vanquished.

Notes
Turn   | Place    | Note
-------+----------+-------------------------------------------
     0 | D:1      | Eifo4Ohj9gu9Dob0ohLe the Draconian Berserker began the
                  | quest for the Orb.
     0 | D:1      | Reached XP level 1. HP: 19/19 MP: 1/1
   369 | D:1      | Reached XP level 2. HP: 23/26 MP: 2/2
   479 | D:2      | HP: 1/26 [worm (7)]
   732 | D:2      | Reached XP level 3. HP: 13/33 MP: 3/3
   747 | D:2      | HP: 1/33 [worm (2)]
  1171 | D:2      | Found a sparkling altar of Nemelex Xobeh.
  1190 | D:2      | Upgraded the game from 0.26-a0-524-g073066f631 to
                  | 0.26-a0-537-g96b2eae49b
  1225 | D:2      | Reached ** piety under Trog
  1270 | D:2      | Found a stormy altar of Qazlal.
  1861 | D:3      | Reached XP level 4. HP: 40/40 MP: 4/4
  1881 | D:3      | Killed from afar by an orc priest

Illustrated notes

Levels and vault maps discovered:
D:1:      dpeg_arrival_triangle_fractal, layout_basic, minmay_misc_feat_five,
          minmay_misc_feat_encased
D:2:      layout_basic, lemuel_round_altar, serial_bayou_pond_d,
          lemuel_statue_altar
D:3:      layout_basic, uniq_natasha

Skill      XL: |  1  2  3  4 |
---------------+-------------+-----
Dodging        | 3 |  3.6
Axes           | 4 |  4.3
Fighting       | 4 |  4.0
Stealth        | |  0.2

Action                   |  1- 3 |  4- 6 || total
-------------------------+-------+-------++-------
Melee: Hand axe          |    96 |    18 ||   114
       Tailslap          |    11 |     1 ||    12
Invok: Berserk           |     1 |       ||     1
  Use: Potion            |     3 |     1 ||     4
       Scroll            |     1 |       ||     1
Armor: Skin              |    30 |     2 ||    32
Dodge: Dodged            |    88 |    11 ||    99
Block: Buckler           |     1 |     2 ||     3

Table legend: (Time is in decaauts)
 A = Elapsed time spent in this place.
 B = Non-inter-level travel time spent in this place.
 C = Inter-level travel time spent in this place.
 D = Time resting spent in this place.
 E = Time spent auto-exploring this place.
 F = Levels seen in this place.
 G = Mean time per level.
                   A        B        C        D        E       F      G
               +--------+--------+--------+--------+--------+-----+--------+
         Total |   1899 |   1752 |    147 |    254 |    323 |   3 |  633.0 |
       Dungeon |   1899 |   1752 |    147 |    254 |    323 |   3 |  633.0 |
               +--------+--------+--------+--------+--------+-----+--------+

Top non-repeatable levels by time:
     D:2: 1391 daAuts
     D:1: 456 daAuts
     D:3: 52 daAuts
